Map: Efflorescence LE

Players

fInch - Winner!

  • Race: Zerg Zerg
  • Spawn Location: 3:00

VeGeTa - Winner!

  • Race: Zerg Zerg
  • Spawn Location: 12:00

qqq

  • Race: Zerg Zerg
  • Spawn Location: 9:00

Massa

  • Race: Terran Terran
  • League: Platinum
  • Spawn Location: 6:00

VOD

Have the link to the VOD?

Description

Time

  • Played on: Oct. 6, 2020, 3:15 p.m.
  • Length: 5:09
Show
View Real Time Build Order
Export as new Build Order

fInch Zerg - Winner!

Build Orders: Hatch First, Zergling Baneling 

Get SALT Encoding   

  12  0:00  Drone  
  13  0:12  Overlord  
  13  0:18  Drone  
  14  0:31  Drone  
  14  0:32  Drone  
  16  0:54  Hatchery  
  16  0:55  Drone  
  16  0:59  Drone  
  16  1:03  Drone  
  18  1:20  Extractor  
  18  1:22  Drone, Spawning Pool  
  17  1:32  Drone x2  
  18  1:45  Drone  
  19  1:50  Overlord  
  19  2:01  Drone  
  20  2:09  Queen  
  20  2:11  Queen  
  20  2:14  Zergling x4  
  26  2:24  Metabolic Boost  
  26  2:26  Zergling x4  
  28  2:34  Zergling x4  
  30  2:44  Baneling Nest  
  30  2:49  Zergling x6  
  32  2:57  Zergling x2  
  34  3:12  Zergling x2  
  34  3:13  Zergling x4  
  36  3:23  Overlord  
  34  3:43  Zergling x4  
  34  3:44  Zergling x8  
  38  3:56  Zergling x4  
  40  4:05  Baneling x3  
  40  4:06  Baneling x6  
  40  4:11  Zergling x4  
  40  4:12  Zergling x2  
  40  4:16  Overlord  
  40  4:43  Zergling x2  
  40  4:44  Zergling x16  
Show
View Real Time Build Order
Export as new Build Order

VeGeTa Zerg - Winner!

Build Orders: Hatch First, Zergling Baneling 

Get SALT Encoding   

  12  0:09  Overlord  
  12  0:24  Drone x2  
  12  0:27  Drone  
  15  0:36  Drone  
  16  0:55  Hatchery, Drone  
  16  1:02  Drone  
  17  1:08  Drone  
  18  1:18  Spawning Pool  
  17  1:27  Drone  
  17  1:29  Extractor  
  17  1:39  Drone  
  18  1:43  Overlord  
  18  1:55  Drone  
  19  2:05  Queen  
  19  2:07  Queen  
  23  2:12  Drone  
  23  2:13  Drone  
  25  2:17  Zergling x2  
  25  2:19  Zergling x2  
  27  2:36  Metabolic Boost  
  27  2:49  Drone  
  27  2:50  Drone x2  
  30  2:55  Baneling Nest  
  29  3:01  Overlord x2  
  29  3:08  Overlord  
  29  3:28  Drone x2  
  29  3:29  Drone  
  29  3:30  Zergling x14  
  39  3:47  Zergling x8  
  43  3:52  Overlord  
  43  3:53  Zergling x4  
  45  4:03  Overlord  
  45  4:05  Zergling x8  
  49  4:14  Baneling x6  
  49  4:15  Baneling x3  
  49  4:19  Zergling x4  
  51  4:28  Zergling x8  
Show
View Real Time Build Order
Export as new Build Order

qqq Zerg 

Build Orders: Hatch First 

Get SALT Encoding   

  12  0:01  Drone  
  13  0:09  Drone  
  14  0:36  Hatchery  
  13  0:54  Spawning Pool  
  13  0:56  Drone  
  13  1:05  Overlord  
  13  1:12  Extractor, Drone  
  13  1:16  Drone  
  14  1:24  Drone  
  15  1:33  Drone  
  16  1:47  Drone  
  17  1:48  Queen  
  17  1:52  Drone  
  20  2:03  Drone  
  20  2:05  Drone  
  20  2:06  Drone  
  23  2:12  Spine Crawler  
  22  2:24  Metabolic Boost  
  22  2:26  Drone  
  22  2:28  Drone  
  24  2:31  Drone  
  24  2:33  Drone  
  26  2:41  Extractor  
  26  2:43  Drone x2  
  28  2:45  Overlord  
  28  2:56  Overlord x2  
  28  3:06  Zergling x6  
  28  3:07  Zergling x4  
  33  3:17  Zergling x2  
  34  3:22  Zergling x2  
  36  3:34  Zergling x4  
  36  3:40  Zergling x2  
  36  3:41  Zergling x2  
  39  3:46  Queen  
  41  3:52  Lair  
  41  3:53  Zergling x2, Baneling Nest  
  41  3:54  Zergling x2  
  42  4:04  Zergling x2  
  42  4:05  Zergling x2  
  44  4:11  Zergling x4  
  46  4:25  Zergling x4  
  46  4:26  Zergling x2  
  48  4:41  Zergling x4  
  48  4:42  Zergling x6  
Show
View Real Time Build Order
Export as new Build Order

Massa Terran 

Build Orders:  

Get SALT Encoding   

  12  0:01  SCV  
  13  0:13  SCV  
  14  0:23  Supply Depot  
  14  0:25  SCV  
  15  0:36  Refinery  
  15  0:44  SCV  
  15  0:45  Barracks  
  16  0:56  SCV  
  17  1:08  SCV  
  18  1:28  SCV  
  19  1:40  SCV  
  19  1:46  Reaper  
  21  1:52  Command Center  
  21  1:55  Orbital Command  
  21  2:05  Supply Depot  
  21  2:18  Marine  
  22  2:23  SCV  
  22  2:25  Factory  
  23  2:35  SCV  
  24  2:43  Bunker  
  24  2:47  SCV  
  25  2:59  SCV  
  26  3:06  Marine  
  26  3:11  Hellion  
  27  3:24  Marine  
  28  3:30  Barracks  
  28  3:32  Hellion  
  28  3:33  Barracks  
  29  3:34  Supply Depot  
  29  3:39  Supply Depot  
  29  3:43  Marine  
  30  3:55  Hellion  
  30  4:08  Refinery  
  30  4:11  Starport  
  30  4:13  Barracks Reactor  
  30  4:16  Hellion  
  32  4:23  Orbital Command  
  32  4:25  SCV  
  32  4:28  Marine  
  34  4:37  SCV  
  31  4:46  Marine  
  31  4:50  SCV  
Tags
 
Add a new tag
Caveats
  • Supply blocks, unpowered buildings, or Contaminate may cause inaccurate times.
  • Supply counts are checked every 10 seconds.